 Dungeon Crawl Stone Soup version 0.18-a0-1160-geb89fc2 (console) character file.

8 GhEn the Sneak (level 2, -1/19 (20) HPs)
             Began as a Ghoul Enchanter on Jan 24, 2016.
             Slain by a hobgoblin
             ... wielding a +0 club
              (5 damage)
             ... on level 1 of the Dungeon.
             The game lasted 00:01:38 (568 turns).

GhEn the Sneak (Ghoul Enchanter)                     Turns: 568, Time: 00:01:38

HP:   -1/19 (20)    AC:  6    Str: 11    XL:     2   Next: 8%
MP:   3/3           EV: 11    Int: 10    God:
Gold: 16            SH:  0    Dex:  9    Spells: 1 memorised, 3 levels left

rFire  . . .     SeeInvis .     (no weapon)
rCold  + . .     Gourm    .     b - +1 robe
rNeg   + + +     Faith    .     (no shield)
rPois  ∞         Spirit   .     g - +0 helmet
rElec  .         Dismiss  .     (no cloak)
rCorr  .         Reflect  .     o - +0 pair of gloves
SustAt .         Harm     .     f - +0 pair of boots
MR     .....                    i - amulet of magic regeneration
Stlth  ++........               (no ring)
                                (no ring)

@: rotting, drained, not resistant to hostile enchantments, unstealthy
A: rotting body, claws 1, carnivore 3, cold resistance 1, negative energy
resistance 3, slow regeneration 1, torment resistance, unbreathing
a: no special abilities


You were on level 1 of the Dungeon.
You were not hungry.

You visited 1 branch of the dungeon, and saw 1 of its levels.

You collected 16 gold pieces.

Inventory:

Hand Weapons
 a - a +1 dagger
Armour
 b - a +1 robe (worn)
 f - a +0 pair of boots (worn)
   (You found it on level 1 of the Dungeon)
 g - a +0 helmet (worn)
   (You found it on level 1 of the Dungeon)
 o - a +0 pair of gloves (worn)
   (You found it on level 1 of the Dungeon)
Jewellery
 i - an amulet of magic regeneration (around neck)
   (You found it on level 1 of the Dungeon)
 k - an uncursed amulet of harm
   (You found it on level 1 of the Dungeon)
Scrolls
 e - 3 scrolls of identify
 j - a scroll of recharging {unknown}
Potions
 h - a potion of mutation {!q}
 l - a potion of flight {unknown}
 m - a potion of invisibility {unknown}
 n - a potion of curing {unknown}
Books
 c - a book of Maledictions
Comestibles
 d - 2 meat rations


   Skills:
 - Level 0.8(0.0) Short Blades
 - Level 1.7(0.7) Dodging
 - Level 3.2(2.1) Stealth
 + Level 1.8(0.7) Unarmed Combat
 - Level 1.7(0.7) Spellcasting
 - Level 2.4(1.3) Hexes


You had 3 spell levels left.
You knew the following spells:

 Your Spells              Type           Power        Failure   Level  Hunger
a - Corona                Hex            #......      21%         1    ##.....


Innate Abilities, Weirdness & Mutations

Your body is rotting away.
You thrive on raw meat.
You are immune to poison.
You have sharp fingernails.
You are carnivorous and can eat meat at any time.
Your flesh is cold resistant.
You are immune to negative energy.
You regenerate slowly when monsters are visible.
You are immune to unholy pain and torment.
You can survive without breathing.

Dungeon Overview and Level Annotations

Branches:
Dungeon (1/15)

Altars:

......## #M#.#h##.#........#
.......# ###.####.#........#
.....#[# #O#.#g##..(.......#
.....#.######.####.........#
.......##g#...#i##.........###..
....##.####.######..............#
....##.##a#.#.# ##.........####'#
....##.####.#####).......#.......
........##...##.@g######.####...
.###.#...+.>.((.### #...##..
.##..#..##...##(#### ###.##.#+#
.##.##...#####.....# #.##.#.#
.......#..#a#..#.#.# #....#.#
.##.#..#..###....#.# #####...
.##.##.........###.# #...
.##.##.#...........# #...
.##).........#.##### #...


You could see a hobgoblin.


Message History

i - an amulet of magic regeneration (around neck)
There is a stone staircase leading down here.
Found a grey potion.
l - a grey potion You open the door.
Found a brown potion and 6 gold pieces.
Found a yellow potion and a pair of gloves.
There is an open door here.
m - a brown potion
n - a yellow potion
Found a robe.
You now have 16 gold pieces (gained 6).
o - a pair of gloves As you open the door, it creaks loudly!
There is an open door here.
There is an open door here.
You open the door.
There is an open door here.
There is an open door here.
The formicid twitches its antennae in your direction.
You see here 23 arrows.
A hobgoblin comes into view. It is wielding a club.
The hobgoblin shouts!
Wear which item? (? for menu, Esc to quit)
Keep equipping yourself?
You start putting on your armour.
You continue putting on your pair of gloves. x3
The hobgoblin hits you but does no damage.
You continue putting on your pair of gloves.
You finish putting on your +0 pair of gloves.
You hit the hobgoblin but do no damage. The hobgoblin barely misses you.
You completely miss the hobgoblin. The hobgoblin hits you with a club!
You take 8 damage.
You barely miss the hobgoblin. The hobgoblin hits you with a club.
* * * LOW HITPOINT WARNING * * *
You take 5 damage.
You are too injured to fight recklessly!
You are too injured to fight recklessly!
You are too injured to fight recklessly!
You closely miss the hobgoblin.
The hobgoblin hits you but does no damage.
You hit the hobgoblin but do no damage.
The hobgoblin hits you but does no damage.
You closely miss the hobgoblin.
The hobgoblin hits you but does no damage.
You hit the hobgoblin but do no damage. The hobgoblin hits you with a club.
* * * LOW HITPOINT WARNING * * *
You take 2 damage.
You closely miss the hobgoblin. The hobgoblin hits you with a club.
You die...

Notes
Turn   | Place    | Note
--------------------------------------------------------------
     0 | D:1      | GhEn the Ghoul Enchanter began the quest for the Orb.
     0 | D:1      | Reached XP level 1. HP: 14/14 MP: 2/2
     0 | D:1      | Noticed a gargoyle
     0 | D:1      | Noticed a vampire
     0 | D:1      | Noticed a troll
     5 | D:1      | Noticed a centaur
     6 | D:1      | Noticed a centaur
     7 | D:1      | Noticed a centaur
    11 | D:1      | Noticed an elf
    14 | D:1      | Noticed a troll
    14 | D:1      | Noticed a draconian
    16 | D:1      | Noticed a felid
    18 | D:1      | Noticed an ogre
    18 | D:1      | Noticed a dwarf
    18 | D:1      | Noticed a dwarf
    20 | D:1      | Noticed a spriggan
    20 | D:1      | Noticed a formicid
    22 | D:1      | Noticed a formicid
    86 | D:1      | Reached skill level 1 in Unarmed Combat
   292 | D:1      | Reached XP level 2. HP: 20/20 MP: 3/3
   568 | D:1      | Slain by a hobgoblin

Vanquished Creatures
  A giant cockroach (D:1)
  2 goblins (D:1)
  A giant newt (D:1)
  3 kobolds (D:1)
  A rat (D:1)
8 creatures vanquished.

Action                   || total
-------------------------++-------
Melee: Unarmed           ||    40
       Dagger            ||     8
  Use: Scroll            ||     1
 Stab: Sleeping          ||     3

Vault maps used:
D:1:      shiori_arrival_whats_in_store_for_you, minmay_door_square
